 Dungeon Crawl Stone Soup version 0.23.1-37-gaa34b87b72 (webtiles) character file.

Game seed: 4288001215492989000

156 PentaManta the Vandal (level 5, -2/36 HPs)
             Began as a Halfling Hunter on Mar 25, 2019.
             Slain by Sigmund
             ... wielding a +0 scythe
              (6 damage)
             ... on level 2 of the Dungeon.
             The game lasted 00:02:06 (1220 turns).

PentaManta the Vandal (Halfling Hunter)             Turns: 1220, Time: 00:02:07

Health: -2/36      AC:  4    Str: 14    XL:     5   Next: 64%
Magic:  5/5        EV: 15    Int:  9    God:
Gold:   55         SH:  0    Dex: 15    Spells: 4/4 levels left

rFire    . . .     SeeInvis .   a - +1 hunting sling
rCold    . . .     Gourm    .   (shield restricted)
rNeg     . . .     Faith    .   c - +0 leather armour
rPois    .         Spirit   .   (no helmet)
rElec    .         Reflect  .   (no cloak)
rCorr    .         Harm     .   n - +0 pair of gloves
MR       .....                  (no boots)
Stlth    ++........             (no amulet)
HPRegen  0.12/turn              (no ring)
MPRegen  0.09/turn              (no ring)

@: no status effects
A: small, mutation resistance 1
a: no special abilities


You were on level 2 of the Dungeon.
You were hungry.

You visited 1 branch of the dungeon, and saw 2 of its levels.

You collected 55 gold pieces.

Inventory:

Hand Weapons
 a - a +1 hunting sling (weapon)
 b - a +0 short sword
Missiles
 d - 9 sling bullets (quivered)
 k - 38 stones
Armour
 c - a +0 leather armour (worn)
 n - a +0 pair of gloves (worn)
Scrolls
 e - 3 scrolls of identify {unknown}
 g - a scroll of fog {unknown}
 h - a scroll of immolation {unknown}
 i - 4 scrolls of enchant armour {unknown}
 j - a scroll of remove curse {unknown}
 m - 2 scrolls of teleportation {unknown}
Potions
 l - a potion of curing {unknown}
 o - a potion of flight {unknown}
 p - a potion of degeneration {unknown}
Comestibles
 f - a ration


   Skills:
 + Level 2.8 Fighting
 * Level 7.8 Slings
 + Level 3.4 Dodging
 - Level 1.1 Stealth


You had 4 spell levels left.
You didn't know any spells.
Your spell library was empty.

Dungeon Overview and Level Annotations

Branches:
Dungeon (2/15)

Altars:
Sif Muna
Trog
Xom

Annotations:
D:2 Sigmund


Innate Abilities, Weirdness & Mutations

You are small and have problems with some larger weapons.
You are somewhat resistant to further mutation.


Message History

Press: ? - help, Shift-Dir - straight line You shoot a sling bullet.
Firing (i - inventory. (/) - cycle)
d - 14 sling bullets (quivered)
Press: ? - help, Shift-Dir - straight line You shoot a sling bullet.
Something closely misses you.
Firing (i - inventory. (/) - cycle)
d - 13 sling bullets (quivered)
Press: ? - help, Shift-Dir - straight line You shoot a sling bullet.
Something barely misses you.
Firing (i - inventory. (/) - cycle)
d - 12 sling bullets (quivered)
Press: ? - help, Shift-Dir - straight line You shoot a sling bullet.
Firing (i - inventory. (/) - cycle)
d - 11 sling bullets (quivered)
Press: ? - help, Shift-Dir - straight line You shoot a sling bullet.
You hear some strange, mumbled words.
Something tries to affect you, but you resist.
Firing (i - inventory. (/) - cycle)
d - 10 sling bullets (quivered)
Press: ? - help, Shift-Dir - straight line You shoot a sling bullet.
Something hits you.
You die...

##.##.# #...†...# ##.##
#.##.# #.......# #.#
##.##.#####.......## #.#
##.##..............# #.#
##.##..####........# #.#
##.##.#.# #........# #.#
##.#.###.##........###.#
....## #.####.........#
##...# ## #.#@#.###
####.# #.#)#.# ###..
#.#{#.# .
.#....######.#.#.#
..(.((..........(#.#
#####.##)####..###.# #
#(# #.## #.# # (. #.#
#.# .#. #.# #.##


There were no monsters in sight!

Vanquished Creatures
  Jessica (D:2)
  6 adders (D:2)
  4 gnolls (D:2)
  2 dart slugs (D:2)
  2 leopard geckos (D:2)
  4 bats
  2 giant cockroaches (D:1)
  4 goblins
  5 hobgoblins
  2 kobolds (D:2)
  2 frilled lizards (D:1)
  6 rats
40 creatures vanquished.

Notes
Turn   | Place    | Note
-------+----------+-------------------------------------------
     0 | D:1      | PentaManta the Halfling Hunter began the quest for the Orb.
     0 | D:1      | Reached XP level 1. HP: 14/14 MP: 1/1
   130 | D:1      | Reached skill level 6 in Slings
   149 | D:1      | Reached XP level 2. HP: 19/19 MP: 2/2
   763 | D:2      | Reached XP level 3. HP: 22/24 MP: 3/3
   918 | D:2      | Reached XP level 4. HP: 29/29 MP: 4/4
   929 | D:2      | Reached skill level 7 in Slings
   979 | D:2      | Found a shimmering altar of Xom.
  1005 | D:2      | Found a deep blue altar of Sif Muna.
  1076 | D:2      | Noticed Jessica
  1080 | D:2      | Found a bloodstained altar of Trog.
  1081 | D:2      | Killed Jessica
  1081 | D:2      | Reached XP level 5. HP: 35/35 MP: 5/5
  1188 | D:2      | Noticed Sigmund
  1220 | D:2      | Slain by Sigmund

Skill      XL: |  1  2  3  4 |
---------------+-------------+-----
Slings         | 6 7 |  7.8
Fighting       | 2 |  2.8
Dodging        | 3 |  3.4
Stealth        | |  1.1

Action                   |  1- 3 |  4- 6 || total
-------------------------+-------+-------++-------
Melee: Hunting sling     |       |     1 ||     1
 Fire: Hunting sling     |    56 |    80 ||   136
Armor: Leather armour    |       |    10 ||    10
Dodge: Dodged            |     8 |    33 ||    41
